 Dungeon Crawl Stone Soup version 0.28.0-53-g5a82cb258f (webtiles) character file.

Game seed: 9650053418476787349

15413 dranuc9 the Thaumaturge (level 12, -1/66 HPs)
             Began as a Deep Elf Conjurer on June 30, 2022.
             Was an Elder of Vehumet.
             Killed by an exploding fulminant prism (27 damage)
             ... on level 1 of the Lair of Beasts.
             The game lasted 03:00:42 (16186 turns).

dranuc9 the Thaumaturge (Deep Elf Conjurer)        Turns: 16186, Time: 03:00:43

Health: -1/66      AC:  8    Str:  4    XL:     12   Next: 1%
Magic:  13/39      EV: 14    Int: 33    God:    Vehumet [****..]
Gold:   633        SH:  0    Dex: 13    Spells: 20/35 levels left

rFire   x . .      SeeInvis +   k - +4 shortbow (flame)
rCold   + . .      Faith    .   (shield currently unavailable)
rNeg    . . .      Spirit   .   a - +1 robe "Meukk" {rElec rPois Int+4 SInv}
rPois   +          Reflect  .   f - +1 helmet
rElec   +          Harm     .   (no cloak)
rCorr   .          Rampage  .   (no gloves)
Will    +....                   A - +2 pair of boots
Stlth   +++.......              (no amulet)
HPRegen 0.21/turn               l - ring of ice
MPRegen 0.26/turn               j - ring of magical power

@: no status effects
A: no striking features
a: Renounce Religion


You were on level 1 of the Lair of Beasts.
You worshipped Vehumet.
Vehumet was greatly pleased with you.
You visited 3 branches of the dungeon, and saw 12 of its levels.

You collected 633 gold pieces.

Inventory:

Hand Weapons
 k - a +4 shortbow of flaming (weapon)
 D - a +1 dagger of venom
 F - a +2 rapier of speed
Missiles
 i - 203 arrows (quivered ammo)
 p - 32 poisoned darts
 t - 4 throwing nets
Armour
 a - the +1 robe "Meukk" (worn) {rElec rPois Int+4 SInv}
   (You found it on level 1 of the Lair of Beasts)

   Int:       It affects your intelligence (+4).
   rElec:     It insulates you from electricity.
   rPois:     It protects you from poison.
   SInv:      It lets you see invisible.
 f - a +1 helmet (worn)
 s - a +2 robe of the Archmagi
 w - an orb of light
 A - a +2 pair of boots (worn)
Jewellery
 j - a ring of magical power (right hand)
 l - a ring of ice (left hand)
 n - a ring of resist corrosion
 q - a ring of ice
 E - a ring of poison resistance
Wands
 b - a wand of paralysis (5)
 o - a wand of mindburst (12)
 y - a wand of flame (10)
Scrolls
 c - 5 scrolls of vulnerability
 g - 3 scrolls of teleportation
 h - 2 scrolls of noise
 z - a scroll of amnesia {unknown}
 C - a scroll of fear {unknown}
 H - a scroll of identify
Potions
 d - a potion of ambrosia {unknown}
 e - a potion of curing {unknown}
 m - 2 potions of degeneration {unknown}
 r - a potion of haste
 u - 2 potions of brilliance
 v - a potion of resistance {unknown}
 x - 3 potions of attraction
 B - a potion of cancellation {unknown}
 G - 3 potions of flight


   Skills:
 * Level 4.0 Fighting
 * Level 4.7 Short Blades
 * Level 5.8 Bows
 * Level 6.5 Dodging
 + Level 4.7 Stealth
 * Level 12.3 Spellcasting
 * Level 11.0 Conjurations
 * Level 7.5 Hexes
 * Level 6.1 Necromancy
 * Level 5.2 Fire Magic
 * Level 5.6 Evocations


You had 20 spell levels left.
You knew the following spells:

 Your Spells              Type           Power      Damage    Failure   Level
a - Magic Dart            Conj           100%       1d8       1%          1
b - Searing Ray           Conj           100%       2d8       1%          2
c - Dazzling Flash        Conj/Hex       100%       N/A       1%          3
d - Fulminant Prism       Conj/Hex       34%        3d16      1%          4
e - Lightning Bolt        Conj/Air       27%        1d43      1%          5

Your spell library contained the following spells:

 Spells                   Type           Power      Damage    Failure   Level
 Ignite Poison            Fire/Tmut/Pois 31%        N/A       1%          3
 Frozen Ramparts          Ice            60%        1d8       1%          3
 Iskenderun's Mystic Bla  Conj/Tloc      54%        2d12      1%          4
 Airstrike                Air            10%        N/A       6%          4
 Gell's Gravitas          Tloc           20%        N/A       7%          3
 Lesser Beckoning         Tloc           20%        N/A       7%          3
 Ozocubu's Armour         Ice            30%        N/A       7%          3
 Teleport Other           Tloc           20%        N/A       7%          3
 Metabolic Englaciation   Hex/Ice        30%        N/A       13%         5
 Silence                  Hex/Air        22%        N/A       13%         5
 Ice Form                 Ice/Tmut       30%        N/A       22%         4
 Passage of Golubria      Tloc           20%        N/A       22%         4
 Summon Ice Beast         Ice/Summ       30%        N/A       22%         4
 Summon Lightning Spire   Summ/Air       20%        N/A       22%         4
 Simulacrum               Ice/Necr       28%        N/A       69%         6
 Lehudib's Crystal Spear  Conj/Erth      27%        10d7      97%         8


Dungeon Overview and Level Annotations

Branches:
Dungeon (9/15)             Temple (1/1) D:4            Lair (2/6) D:9
  Swamp: Lair:2-4    Shoals: Lair:2-4     Snake: Lair:2-4    Spider: Lair:2-4
    Orc: D:9-12

Altars:
Ashenzari
Cheibriados
Dithmenos
Elyvilon
Fedhas
Gozag
Hepliaklqana
Kikubaaqudgha
Makhleb
Okawaru
Ru
Sif Muna
Vehumet
Wu Jian
Xom
Yredelemnul
Zin

Shops:
D:8 ?

Annotations:
D:9 2 transporters, ZoeForever1's ghost, novice HuCA


Message History

The komodo dragon is heavily wounded.
Aiming: Paralyse
Press: ? - help, Q - select action, (/) - cycle Shift-Dir - straight line, f - yak
Aim: a yak (severely wounded, chance to affect: 62%)
The yak resists with significant effort.
The yak gores you but does no damage. The yak closely misses you.
The sentinel's mark upon you fades away.
The yak gores you!
Casting: Fulminant Prism (safe; 1% risk of failure)
Confirm with . or Enter, or press ? or * to list all spells.
Aiming: Fulminant Prism (safe; 1% risk of failure)
Press: ? - help, Dir - move target, p - yak You conjure a prism of explosive energy!
A fulminant prism comes into view.
The yak gores you but does no damage.
The komodo dragon hisses menacingly.
Your fulminant prism crackles loudly.
Your fulminant prism explodes!
The blast of energy engulfs the komodo dragon!!
You kill the komodo dragon!
Vehumet accepts your kill.
Vehumet offers you knowledge of Ignite Poison.
You feel your power returning.
You have reached level 12!
You feel clever.
Casting: Fulminant Prism (safe; 1% risk of failure)
Confirm with . or Enter, or press ? or * to list all spells.
Aiming: Fulminant Prism (safe; 1% risk of failure)
Press: ? - help, Dir - move target You conjure a prism of explosive energy!
A fulminant prism comes into view.
The yak misses you.
Your fulminant prism crackles loudly.
Your fulminant prism explodes!
The blast of energy engulfs the yak!!
You kill the yak!
Vehumet accepts your kill.
You feel your power returning. The blast of energy engulfs you!!
You die...

### ### ##### ####
##.####.##############.#.#####.##
................@................
.....................†...........
.................................
.................................
.................................
......................†..........
.................................
#########........##########.####.
# #.......## ### #.


There were no monsters in sight!

Vanquished Creatures
  Harold (D:8)
  2 two-headed ogres
  A cyclops (D:8)
  A black mamba (Lair:2)
  A cane toad (Lair:1)
  The ghost of EyeSee2020 the Grasshopper, a novice HuWn of Qazlal (D:4)
  The ghost of buhh the Changer, a novice OpTm (D:5)
  A rime drake (Lair:1)
  2 komodo dragons (Lair:1)
  3 trolls (D:9)
  A hornet (D:9)
  4 blink frogs (Lair:2)
  A shadow (D:9)
  2 wyverns
  22 yaks
  2 steam dragons
  A basilisk (Lair:2)
  Edmund (D:5)
  4 water moccasins
  Duvessa (D:5)
  3 black bears
  An ice beast (D:5)
  A sky beast (D:5)
  A necrophage (D:7)
  4 orc warriors
  3 ogres
  A phantom (D:5)
  11 wolves
  3 centaurs
  4 kobold brigands
  2 gnoll sergeants (D:8)
  7 scorpions
  6 bullfrogs
  A wyvern zombie (D:8)
  Dowan (D:5)
  2 water moccasin skeletons (D:5)
  5 wights (D:4)
  3 electric eels (D:9)
  2 howler monkeys
  2 orc priests
  A centaur zombie (D:5)
  9 hounds
  A jelly (D:8)
  2 bullfrog skeletons (D:5)
  5 orc wizards
  Terence (D:3)
  Ijyb (D:3)
  5 iguanas
  14 gnolls
  9 adders
  2 white imps
  2 ufetubi (D:5)
  An adder zombie (D:5)
  3 adder skeletons (D:4)
  2 worms
  4 dart slugs
  28 orcs
  7 ball pythons
  5 endoplasms (D:2)
  A giant cockroach (D:4)
  9 goblins
  7 hobgoblins
  7 jackals
  6 quokkas
  8 bats
  5 frilled lizards
  A giant cockroach zombie (D:3)
  A jackal skeleton (D:4)
  23 kobolds
  6 rats
292 creatures vanquished.

Vanquished Creatures (others)
  162 fulminant prisms
  5 fungi
  2 plants (Lair:2)
169 creatures vanquished.

Grand Total: 461 creatures vanquished

Notes
Turn   | Place    | Note
-------+----------+-------------------------------------------
     0 | D:1      | dranuc9 the Deep Elf Conjurer began the quest for the Orb.
     0 | D:1      | Reached XP level 1. HP: 10/10 MP: 6/6
   330 | D:1      | Reached XP level 2. HP: 15/15 MP: 4/8
   333 | D:1      | Learned a level 2 spell: Searing Ray
   797 | D:1      | Reached skill level 5 in Conjurations
  1489 | D:2      | Reached XP level 3. HP: 19/19 MP: 5/9
  1915 | D:2      | Reached XP level 4. HP: 24/24 MP: 6/11
  2560 | D:3      | Reached skill level 4 in Spellcasting
  2676 | D:3      | Reached XP level 5. HP: 16/28 MP: 3/13
  2853 | D:3      | Noticed an orc warrior
  2888 | D:2      | Killed an orc warrior
  3079 | D:3      | Reached skill level 1 in Hexes
  3079 | D:3      | Reached skill level 1 in Evocations
  3079 | D:3      | Reached XP level 6. HP: 32/32 MP: 9/15
  3314 | D:3      | Noticed Terence
  3321 | D:3      | Killed Terence
  3322 | D:3      | Reached skill level 1 in Necromancy
  3536 | D:3      | Noticed Ijyb
  3546 | D:3      | Killed Ijyb
  3547 | D:3      | Reached skill level 5 in Spellcasting
  3547 | D:3      | Reached skill level 1 in Fire Magic
  3557 | D:3      | Found an ancient bone altar of Kikubaaqudgha.
  3902 | D:3      | Found a sacrificial altar of Ru.
  4651 | D:3      | Reached XP level 7. HP: 34/36 MP: 13/17
  5072 | D:4      | Found a staircase to the Ecumenical Temple.
  5098 | Temple   | Entered the Ecumenical Temple
  5242 | Temple   | Became a worshipper of Vehumet
  5452 | D:4      | Noticed a steam dragon
  5502 | D:3      | Learned a level 3 spell: Dazzling Flash
  5507 | D:3      | Learned a level 4 spell: Fulminant Prism
  5667 | D:4      | Reached skill level 6 in Spellcasting
  5824 | D:4      | Killed a steam dragon
  6114 | D:4      | Reached XP level 8. HP: 42/42 MP: 16/20
  6173 | D:4      | Found a runed translucent gate.
  6173 | D:4      | Found a runed translucent gate.
  6173 | D:4      | Found a runed translucent gate.
  6174 | D:4      | Noticed EyeSee2020's ghost (novice HuWn)
  6351 | D:4      | Killed EyeSee2020's ghost
  6352 | D:4      | Reached skill level 1 in Short Blades
  6352 | D:4      | Reached skill level 1 in Bows
  6352 | D:4      | Reached skill level 7 in Spellcasting
  6445 | D:5      | Entered Level 5 of the Dungeon
  6473 | D:5      | Noticed Edmund
  6536 | D:5      | Killed Edmund
  6537 | D:5      | Reached skill level 1 in Fighting
  6736 | D:5      | Reached * piety under Vehumet
  6736 | D:5      | Offered knowledge of Foxfire by Vehumet.
  6914 | D:5      | Noticed Duvessa
  7053 | D:5      | Reached skill level 8 in Spellcasting
  7094 | D:5      | Killed Duvessa
  7132 | D:5      | Noticed Dowan
  7138 | D:5      | Killed Dowan
  7469 | D:5      | Found a runed translucent door.
  7474 | D:5      | Noticed buhh's ghost (novice OpTm)
  7523 | D:5      | Found a runed translucent door.
  8103 | D:5      | Reached XP level 9. HP: 47/47 MP: 15/23
  8618 | D:5      | Reached skill level 9 in Spellcasting
  9125 | D:5      | Killed buhh's ghost
 10129 | D:6      | Offered knowledge of Scorch by Vehumet.
 10269 | D:6      | Reached ** piety under Vehumet
 11095 | D:7      | Found a shadowy altar of Dithmenos.
 11095 | D:7      | Found a snail-covered altar of Cheibriados.
 11292 | D:7      | Reached XP level 10. HP: 53/53 MP: 20/25
 11391 | D:7      | Reached skill level 5 in Hexes
 11842 | D:8      | Found Hiloserhag's Magic Scroll Shop.
 11863 | D:8      | Noticed a two-headed ogre
 12243 | D:8      | Killed a two-headed ogre
 12244 | D:8      | Reached skill level 5 in Dodging
 12557 | D:8      | Noticed Harold
 12572 | D:8      | Noticed a cyclops
 13151 | D:8      | Killed Harold
 13152 | D:8      | Reached skill level 10 in Spellcasting
 13152 | D:8      | Reached skill level 5 in Necromancy
 13170 | D:8      | Killed a cyclops
 13452 | D:9      | Noticed a two-headed ogre
 13456 | D:9      | Reached skill level 5 in Evocations
 13887 | D:9      | Offered knowledge of Inner Flame by Vehumet.
 13904 | D:9      | Reached skill level 10 in Conjurations
 13986 | D:9      | Killed a two-headed ogre
 13987 | D:9      | Reached XP level 11. HP: 60/60 MP: 13/27
 14305 | D:9      | Reached *** piety under Vehumet
 14523 | D:9      | Found a staircase to the Lair.
 14543 | D:9      | Reached skill level 11 in Spellcasting
 14653 | D:9      | Found a transporter.
 14656 | D:9      | Noticed ZoeForever1's ghost (novice HuCA)
 14658 | D:9      | Noticed a green ugly thing
 14695 | D:9      | Found a transporter.
 14818 | Lair:1   | Entered Level 1 of the Lair of Beasts
 14895 | Lair:1   | Offered knowledge of Sticky Flame by Vehumet.
 14992 | Lair:1   | Reached skill level 5 in Bows
 14999 | Lair:1   | Reached skill level 5 in Fire Magic
 15102 | Lair:1   | Identified the +1 robe "Meukk" {rElec rPois Int+4 SInv}
 15255 | Lair:1   | Learned a level 5 spell: Lightning Bolt
 15675 | Lair:2   | Reached **** piety under Vehumet
 16116 | Lair:2   | Reached skill level 12 in Spellcasting
 16183 | Lair:1   | Offered knowledge of Ignite Poison by Vehumet.
 16184 | Lair:1   | Reached XP level 12. HP: 25/66 MP: 14/30
 16186 | Lair:1   | Killed by an exploding fulminant prism

Illustrated notes

Levels and vault maps discovered:
D:1:      roderic_crossed_star, layout_loops_corners, serial_bayou,
          serial_bayou_ford_a, serial_bayou_shore_b, serial_bayou_crossing,
          serial_bayou_lagoon_b
D:2:      minmay_inner_zag, layout_basic
D:3:      minmay_thinvault, layout_basic, lemuel_coloured_pillars_altar,
          lemuel_doored_altar, uniq_terence, uniq_ijyb
D:4:      layout_loops_cross, minmay_temple_entry_drinking_statues,
          ebering_ghost_rock_garden
D:5:      kennysheep_windowed_halls, layout_basic, ebering_ghost_sewer_f,
          minmay_misc_feat_more_columns, corexii_leaking_fountain, uniq_edmund,
          uniq_duvessa
D:6:      layout_loops_ring
D:7:      layout_cave_pods, gammafunk_temple_overflow_wave,
          minmay_misc_feat_five, grunt_ministairs_9
D:8:      layout_loops_ring, serial_shops,
          nicolae_shop_competitors_out_of_business, uniq_harold
D:9:      layout_roguey, erik_lair_island, gammafunk_ghost_arena
Temple:   hc_temple_tempest_star
Lair:1:   layout_big_grid, serial_bayou_shore_b
Lair:2:   layout_cave_shapes

Skill      XL: |  1  2  3  4  5  6  7  8  9 10 11 |
---------------+----------------------------------+-----
Conjurations   | 5 6 7 8 9 10 11 | 11.0
Stealth        | 3 4 |  4.7
Spellcasting   | 4 5 6 8 9 10 12 | 12.3
Hexes          | 1 2 3 4 6 7 |  7.5
Evocations     | 1 2 4 5 |  5.6
Dodging        | 3 4 5 6 |  6.5
Necromancy     | 1 2 3 4 5 6 |  6.1
Fire Magic     | 1 2 3 4 5 |  5.2
Short Blades   | 1 3 4 |  4.7
Bows           | 2 3 4 5 |  5.8
Fighting       | 1 2 3 4 |  4.0

Action                   |  1- 3 |  4- 6 |  7- 9 | 10-12 || total
-------------------------+-------+-------+-------+-------++-------
 Fire: Shortbow          |       |       |       |     2 ||     2
 Cast: Magic Dart        |    57 |    74 |    78 |    35 ||   244
       Searing Ray       |     8 |    34 |    50 |    37 ||   129
       Fulminant Prism   |       |       |    53 |   110 ||   163
       Dazzling Flash    |       |       |     1 |     2 ||     3
Evoke: Wand              |       |       |     2 |     6 ||     8
  Use: Scroll            |       |       |    10 |     9 ||    19
Armor: Robe              |       |     3 |    16 |    15 ||    34
Dodge: Dodged            |     1 |     3 |    32 |    46 ||    82
